 Dungeon Crawl Stone Soup version 0.27.1-33-g824d729ab1 (webtiles) character file.

Game seed: 9784211611484929451

300 erik8world the Conjurer (level 5, -8/38 HPs)
             Began as a Demigod Conjurer on Dec 20, 2021.
             Mangled by a scorpion (9 damage)
             ... on level 3 of the Dungeon.
             The game lasted 00:09:11 (3809 turns).

erik8world the Conjurer (Demigod Conjurer)          Turns: 3809, Time: 00:09:12

Health: -8/38      AC:  2    Str:  8    XL:     5   Next: 89%
Magic:  0/12       EV: 12    Int: 24    God:
Gold:   69         SH:  0    Dex: 12    Spells: 7/10 levels left

rFire    . . .     SeeInvis .   (no weapon)
rCold    . . .     Faith    .   (no shield)
rNeg     . . .     Spirit   .   a - +0 robe
rPois    .         Reflect  .   (no helmet)
rElec    .         Harm     .   (no cloak)
rCorr    .         Rampage  .   (no gloves)
Will     .....                  (no boots)
Stlth    ++........             (no amulet)
HPRegen  0.12/turn              (no ring)
MPRegen  0.13/turn              (no ring)

@: lethally poisoned (-8 -> -10)
A: high mp 1, forlorn
a: no special abilities


You were on level 3 of the Dungeon.
You visited 1 branch of the dungeon, and saw 4 of its levels.

You collected 69 gold pieces.

Inventory:

Hand Weapons
 q - a +3 flail of protection
Missiles
 h - 13 poisoned darts
Armour
 a - a +0 robe (worn)
Scrolls
 b - 2 scrolls of blinking {unknown}
 e - a scroll of noise {unknown}
 f - a scroll of vulnerability {unknown}
 g - 2 scrolls of identify {unknown}
 i - a scroll of fear {unknown}
 j - 2 scrolls of enchant weapon {unknown}
 m - a scroll of magic mapping {unknown}
 o - a scroll of teleportation {unknown}
Potions
 c - 2 potions of heal wounds {unknown}
 d - a potion of berserk rage {unknown}
 k - a potion of haste {unknown}
 l - a potion of brilliance {unknown}
 n - a potion of lignification {unknown}
 p - 2 potions of ambrosia {unknown}


   Skills:
 + Level 0.1 Fighting
 * Level 2.6 Dodging
 + Level 2.3 Stealth
 * Level 3.1 Spellcasting
 * Level 5.4 Conjurations
 + Level 0.2 Evocations


You had 7 spell levels left.
You knew the following spells:

 Your Spells              Type           Power      Damage    Failure   Level
a - Magic Dart            Conj           100%       1d8       1%          1
b - Searing Ray           Conj           60%        3d5       1%          2

Your spell library contained the following spells:

 Spells                   Type           Power      Damage    Failure   Level
 Dazzling Flash           Conj/Hex       32%        N/A       11%         3
 Fulminant Prism          Conj/Hex       8%         3d7       34%         4
 Iskenderun's Mystic Bla  Conj/Tloc      16%        2d5       34%         4


Dungeon Overview and Level Annotations

Branches:
Dungeon (4/15)
 Temple: D:4-7

Shops:
D:4 *


Innate Abilities, Weirdness & Mutations

Your attributes grow dramatically as you level up.
You have an increased reservoir of magic. (+10% MP)
You shall have no god before yourself.


Message History

The scorpion stings you. The scorpion stings you.
Your magical contamination has completely faded away.
Casting: Searing Ray (safe; 1% risk of failure)
Confirm with . or Enter, or press ? or * to list all spells.
Aiming: Searing Ray (safe; 1% risk of failure)
Press: ? - help, Shift-Dir - straight line, f - scorpion
Aim: a scorpion (79% to hit)
The searing ray hits the scorpion!
The scorpion is moderately wounded. (Press . to maintain the ray.)
The scorpion stings you. The scorpion closely misses you.
The scorpion stings you.
You are poisoned.
The scorpion poisons you!
* * * LOW HITPOINT WARNING * * *
You feel very sick.
* * * LOW HITPOINT WARNING * * *
You feel sick.
* * * LOW HITPOINT WARNING * * *
You feel sick.
There is a stone staircase leading up, spattered with blood here.
You feel sick. The scorpion stings you.
* * * LOW HITPOINT WARNING * * *
You climb upwards.
* * * LOW HITPOINT WARNING * * *
You feel sick.
There is a stone staircase leading down, spattered with blood here.
Casting: Searing Ray (safe; 1% risk of failure)
Confirm with . or Enter, or press ? or * to list all spells.
Aiming: Searing Ray (safe; 1% risk of failure)
Press: ? - help, Shift-Dir - straight line, f - scorpion
Aim: a scorpion (moderately wounded, 79% to hit)
The searing ray hits the scorpion.
The scorpion is moderately wounded. (Press . to maintain the ray.)
* * * LOW HITPOINT WARNING * * *
You feel sick. The scorpion stings you!
You die...

###.#
#.#..#..#.###.#..#
#...#
#.#..#..#.....#..#
##.###
#..######.....####
#..#
####....#...........#
#.##
#...........#####....
##.# #.[.........#
##### #..#
#..........## #.##
#...s).....# #.#
#...@......# #.#
############ ###


You could see a scorpion.

Vanquished Creatures
  An ogre (D:4)
  A hound (D:4)
  Natasha (thrice) (D:3)
  2 adders
  An ufetubus (D:3)
  A worm (D:3)
  3 dart slugs
  5 orcs
  10 endoplasms
  4 giant cockroaches
  6 goblins
  9 hobgoblins
  7 jackals
  2 kobolds
  A quokka (D:2)
  2 ball pythons
  4 bats
  3 frilled lizards
  A rat (D:1)
66 creatures vanquished.

Notes
Turn   | Place    | Note
-------+----------+-------------------------------------------
     0 | D:1      | erik8world the Demigod Conjurer began the quest for the
                  | Orb.
     0 | D:1      | Reached XP level 1. HP: 14/14 MP: 5/5
   305 | D:1      | Reached skill level 4 in Conjurations
   352 | D:1      | Reached XP level 2. HP: 20/20 MP: 2/7
  1046 | D:1      | Reached XP level 3. HP: 26/26 MP: 6/8
  2433 | D:3      | Reached XP level 4. HP: 22/33 MP: 4/10
  2841 | D:3      | Noticed Natasha
  2847 | D:3      | Killed Natasha
  2948 | D:3      | Noticed Natasha
  2952 | D:3      | Killed Natasha
  2977 | D:3      | Noticed Natasha
  2983 | D:3      | Killed Natasha
  2984 | D:3      | Reached skill level 5 in Conjurations
  2984 | D:3      | Reached XP level 5. HP: 13/38 MP: 4/12
  3625 | D:4      | Found Runinin's General Store.
  3692 | D:4      | Learned a level 2 spell: Searing Ray
  3778 | D:4      | Noticed an ogre
  3784 | D:4      | Killed an ogre
  3809 | D:3      | HP: 1/38 [poisoned by a scorpion]
  3809 | D:3      | Mangled by a scorpion

Illustrated notes

Levels and vault maps discovered:
D:1:      minmay_arrival_wavy_path, layout_loops_ring, basic_ecumenical_altar,
          corexii_item_surrounded_by_moat
D:2:      layout_loops_ring, minmay_box_of_dots
D:3:      layout_rooms, hangedman_ru_absence, uniq_natasha
D:4:      layout_loops_ring, serial_shops, shop_fountains,
          gammafunk_ghost_grave, minmay_misc_feat_tiny

Skill      XL: |  1  2  3  4  5 |
---------------+----------------+-----
Conjurations   | 4 5 |  5.4
Dodging        | 2 |  2.6
Spellcasting   | 2 3 |  3.1
Stealth        | 2 |  2.3
Fighting       | |  0.1
Evocations     | |  0.2

Action                   |  1- 3 |  4- 6 || total
-------------------------+-------+-------++-------
Melee: Unarmed           |     6 |       ||     6
 Cast: Magic Dart        |   115 |    42 ||   157
       Searing Ray       |       |     7 ||     7
Evoke: Wand              |       |    17 ||    17
Armor: Robe              |       |     4 ||     4
Dodge: Dodged            |    14 |    20 ||    34
